 Dungeon Crawl Stone Soup version 0.17-a0-1481-gfdcec5c (webtiles) character file.

362 Goblin1989 the Cudgeler (level 6, -7/37 HPs)
             Began as a Gargoyle Fighter on July 5, 2015.
             Mangled by an ogre
             ... wielding a +0 giant spiked club
              (22 damage)
             ... on level 4 of the Dungeon.
             The game lasted 00:12:01 (4069 turns).

Goblin1989 the Cudgeler (Gargoyle Fighter)          Turns: 4069, Time: 00:12:01

Health: -7/37      AC: 14    Str: 21    XL:     6   Next: 66%
Magic:  6/6        EV:  7    Int:  9    God:
Gold:   200        SH: 10    Dex:  9    Spells: 0 memorised, 5 levels left

rFire  . . .     SeeInvis .     a - +1 flail
rCold  . . .     Clarity  .     b - +0 scale mail
rNeg   + . .     SustAt   .     c - +1 shield
rPois  ∞         Gourm    .     (no helmet)
rElec  +         Spirit   .     i - +0 cloak
rCorr  .         Warding  .     s - +0 pair of gloves
rMut   .         Stasis   .     j - +0 pair of boots
MR     .....                    (no amulet)
Stlth  ..........               (no ring)
                                (no ring)

@: not resistant to hostile enchantments, extremely unstealthy
A: negative energy resistance 1, electricity resistance, unbreathing,
petrification resistance, rot immunity, AC +4
a: no special abilities


You were on level 4 of the Dungeon.
You were hungry.

You visited 1 branch of the dungeon, and saw 4 of its levels.
You also visited: Sewer.

You collected 200 gold pieces.

Inventory:

Hand weapons
 a - a +1 flail (weapon)
Armour
 b - a +0 scale mail (worn)
 c - a +1 shield (worn)
 i - a +0 cloak (worn)
 j - a +0 pair of boots (worn)
 s - a +0 pair of gloves (worn)
Magical devices
 t - a wand of slowing (34)
Scrolls
 e - 3 scrolls of remove curse
 m - a scroll of fear
 o - 3 scrolls of recharging
 q - 2 scrolls of enchant weapon
 r - 3 scrolls of enchant armour
 v - a scroll of random uselessness {unknown}
 w - a scroll of immolation {unknown}
Potions
 d - 2 potions of might
 f - a potion of ambrosia
 h - a potion of haste
 p - 3 potions of heal wounds
 u - a potion of brilliance
 z - a potion of cure mutation
 C - a potion of curing
Comestibles
 g - a beef jerky
 k - 2 meat rations
 l - 3 slices of pizza
 A - 4 bread rations


   Skills:
 - Level 3.2 Fighting
 + Level 6.9 Maces & Flails
 - Level 3.2 Armour
 - Level 3.2 Shields


You had 5 spell levels left.
You didn't know any spells.

Dungeon Overview and Level Annotations

Branches:
Dungeon (4/15)
 Temple: D:4-7

Altars:
Fedhas
The Shining One


Innate Abilities, Weirdness & Mutations

You are resistant to torment.
Your stone body is resilient (AC +4).
You are immune to poison.
You resist negative energy.
You are resistant to electric shocks.
You can survive without breathing.
You are immune to petrification.
You are immune to rotting.


Message History

There is an open door here.
There is an open door here.
Found a stone staircase leading up.
An ogre comes into view. It is wielding a giant spiked club.
The ogre shouts!
A kobold comes into view. It is wielding a dagger.
The kobold shouts!
The kobold throws a stone.
The stone closely misses you.
You see here a stone.
You are feeling hungry.
You see here a stone.
You sock the ogre!
The ogre is moderately wounded.
The ogre hits you with a giant spiked club!!
Ouch! That really hurt!
You thump the ogre!
The ogre is severely wounded.
The ogre hits you with a giant spiked club!!
Ouch! That really hurt!
You die...

#....).....'.....#.....'.#.#
##.....#.###(....#.....#...#
#......#.# #.###.#######....
#.#....#.# #.###..........##
#.#..#.#.# #.........####...
#.#..#.#.# ########### ####
#.##.#.#.# #
*****#.*#.#.#.##### #
,,,,,,,*#.#...KO@.# #
********#..##.###.#
#..<(...#.# ****#..K..#.#.#
#.......#.#.#.#
#...........#.#
#.........###.# #......#..#
*.# #......#..# *,*


You could see an ogre and a kobold.

Vanquished Creatures
  A crocodile (Sewer)
  A centaur zombie (D:4)
  Jessica (D:3)
  5 gnolls
  8 adders
  An ooze (D:3)
  3 worms
  2 giant geckos
  2 orcs (D:3)
  3 ball pythons
  9 bats
  5 giant cockroaches
  16 hobgoblins
  13 jackals
  8 kobolds
  A giant gecko skeleton (D:4)
  4 giant newts (D:2)
  8 goblins
  A jackal skeleton (D:4)
  6 rats
98 creatures vanquished.

Notes
Turn   | Place    | Note
--------------------------------------------------------------
     0 | D:1      | Goblin1989 the Gargoyle Fighter began the quest for the Orb.
     0 | D:1      | Reached XP level 1. HP: 14/14 MP: 1/1
   149 | D:1      | Reached XP level 2. HP: 17/19 MP: 2/2
   836 | D:2      | Reached XP level 3. HP: 23/23 MP: 3/3
  1080 | D:2      | Reached skill level 4 in Maces & Flails
  1084 | D:2      | Reached XP level 4. HP: 24/28 MP: 4/4
  1818 | D:2      | Reached skill level 5 in Maces & Flails
  1818 | D:2      | Reached XP level 5. HP: 32/32 MP: 5/5
  1925 | D:2      | Found a glowing golden altar of the Shining One.
  2173 | D:3      | Noticed Jessica
  2178 | D:3      | Killed Jessica
  2832 | D:3      | Found a blossoming altar of Fedhas.
  3193 | D:3      | Reached skill level 6 in Maces & Flails
  3366 | D:4      | Reached XP level 6. HP: 30/37 MP: 6/6
  3402 | D:4      | Found a glowing drain.
  3457 | Sewer    | Entered a sewer
  4060 | D:4      | Noticed an ogre
  4069 | D:4      | Mangled by an ogre

Vault maps used:
D:1:      minmay_arrival_five_plusses
D:2:      tso_altar, serial_bayou_pond_d, uniq_crazy_yiuf_cottage
D:3:      fedhas_altar_1, minivault_24, supply_closet_lemuel,
          corexii_leaking_fountain, kennysheep_generic_room_14, uniq_jessica
D:4:      first_bread, portal_sewer_entry_d, nrook_mini_vaults
Sewer:    sewer_the_crocodile

Action                   |  1- 3 |  4- 6 || total
-------------------------+-------+-------++-------
Melee: Flail             |   135 |   266 ||   401
  Use: Scroll            |       |    14 ||    14
  Eat: Chunk             |       |     6 ||     6
       Bread ration      |       |     1 ||     1
